Map: [G8] Dragon Scales

Players

Clem - Winner!

  • Race: Terran Terran
  • Spawn Location: 11:00

Oliveira

  • Race: Terran Terran
  • Spawn Location: 5:00

Event: Gamers8 2023

VOD

Have the link to the VOD?

Description

Time

  • Played on: Aug. 4, 2023, 12:31 p.m.
  • Length: 10:24

All games in this series

Show
View Real Time Build Order
Export as new Build Order

Clem Terran - Winner!

Build Orders: Gas First Reaper Expand 

Get SALT Encoding   

  12  0:00  SCV  
  13  0:12  SCV  
  14  0:17  Supply Depot  
  14  0:24  SCV  
  15  0:29  Refinery  
  15  0:38  SCV  
  16  0:44  Barracks  
  16  0:50  SCV  
  17  1:02  SCV  
  18  1:15  SCV  
  19  1:31  Orbital Command, Reaper  
  20  1:45  Command Center  
  20  1:55  Factory  
  20  1:58  SCV  
  21  2:07  Supply Depot  
  21  2:08  Barracks Reactor  
  21  2:13  SCV  
  21  2:21  Refinery  
  21  2:25  SCV  
  22  2:37  SCV  
  22  2:43  Starport  
  23  2:48  Hellion  
  23  2:49  Hellion, SCV  
  28  2:55  Barracks Tech Lab  
  28  2:58  Orbital Command  
  28  3:02  SCV  
  29  3:10  Hellion  
  33  3:13  Hellion  
  33  3:18  SCV  
  33  3:19  Barracks Tech Lab  
  34  3:21  Orbital Command  
  34  3:25  Raven  
  36  3:31  SCV, Supply Depot  
  37  3:37  Refinery  
  37  3:43  SCV  
  37  3:44  Cyclone  
  37  3:45  Marine  
  37  3:47  SCV  
  43  3:49  Marine  
  44  3:57  Supply Depot  
  44  3:58  SCV  
  44  3:59  SCV  
  46  4:06  Marine x2, Raven  
  50  4:10  SCV  
  50  4:11  SCV  
  51  4:22  Siege Tank, SCV  
  54  4:32  Supply Depot  
  54  4:35  Marine x2, SCV x2  
  57  4:47  SCV x2  
  57  4:48  Raven  
  61  4:53  Marine x2  
  61  4:59  SCV x2  
  65  5:03  Siege Tank  
  65  5:06  Supply Depot  
  68  5:11  Marine x2, SCV  
  68  5:12  SCV  
  66  5:24  SCV  
  66  5:25  Raven  
  66  5:26  SCV  
  69  5:31  Command Center  
  69  5:36  Siege Tank, SCV  
  69  5:42  SCV, Supply Depot  
  74  5:44  Marine x2  
  76  5:50  SCV  
  76  5:51  Supply Depot  
  76  5:54  SCV  
  78  5:57  Refinery  
  78  6:00  Supply Depot  
  78  6:02  SCV  
  79  6:06  SCV  
  80  6:12  Siege Tank  
  80  6:14  Viking x2, SCV  
  80  6:18  Marine  
  88  6:20  SCV  
  88  6:22  Supply Depot  
  90  6:26  SCV  
  90  6:30  Barracks  
  91  6:33  Barracks  
  91  6:37  Marine  
  91  6:38  Stimpack  
  92  6:44  Viking  
  92  6:45  Viking  
  96  6:51  Siege Tank  
  99  6:55  Marine, Orbital Command  
  100  7:01  Supply Depot  
  100  7:02  SCV  
  100  7:03  SCV  
  100  7:07  Engineering Bay  
  102  7:12  Marine, Engineering Bay  
  102  7:14  SCV  
  96  7:28  Siege Tank  
  96  7:29  SCV  
  91  7:30  Marine  
  91  7:31  SCV, Orbital Command  
  91  7:39  Barracks Reactor x2  
  91  7:41  Barracks x2  
  91  7:42  SCV  
  91  7:43  SCV  
  91  7:48  Marine  
  87  7:51  Liberator  
  87  7:53  Viking  
  87  7:54  SCV  
  87  7:57  SCV  
  87  7:58  SCV  
  93  8:00  Siege Tank  
  96  8:06  Marine, SCV  
  96  8:09  Refinery  
  98  8:15  SCV x2  
  98  8:16  Marine x3  
  103  8:21  Terran Infantry Armor Level 1, Terran Infantry Weapons Level 1  
  103  8:22  Combat Shield  
  103  8:23  Marine  
  103  8:24  Marine, SCV  
  104  8:27  SCV  
  104  8:30  Barracks Reactor x2  
  104  8:32  Siege Tank  
  104  8:34  Marine, Refinery  
  109  8:37  Marine  
  109  8:38  SCV x2  
  109  8:40  Supply Depot  
  112  8:43  Viking  
  112  8:45  Marine x3  
  117  8:51  Medivac  
  119  8:57  Barracks  
  119  8:59  Marine, Barracks x2  
  119  9:00  Armory  
  119  9:04  Marine x2  
  119  9:07  Siege Tank, Marine x2  
  119  9:08  Marine  
  127  9:13  Viking  
  129  9:18  Marine x4  
  129  9:22  Marine x2  
  125  9:25  Marine x3  
  125  9:27  SCV  
  120  9:34  SCV  
  120  9:35  Marine  
  120  9:36  Marine x3  
  122  9:39  Siege Tank, Marine  
  122  9:40  Marine  
  122  9:41  Medivac, SCV  
  122  9:43  Marine x3  
  130  9:47  Marine x3  
  130  9:49  SCV  
  134  9:53  Marine  
  134  9:57  Sensor Tower  
  134  9:58  Marine x5  
  139  10:01  Marine  
Show
View Real Time Build Order
Export as new Build Order

Oliveira Terran 

Build Orders:  

Get SALT Encoding   

  12  0:00  SCV  
  13  0:12  SCV  
  14  0:17  Supply Depot  
  14  0:25  SCV  
  15  0:39  SCV  
  15  0:40  Barracks  
  16  0:43  Refinery  
  16  0:51  SCV  
  16  0:54  Refinery  
  17  1:03  SCV  
  18  1:15  SCV  
  19  1:27  Orbital Command, Reaper  
  20  1:37  Supply Depot  
  20  1:42  Factory  
  20  1:53  SCV  
  21  2:00  Barracks Reactor  
  21  2:05  SCV  
  22  2:19  Command Center  
  22  2:22  SCV  
  23  2:30  Starport  
  23  2:34  SCV  
  24  2:39  Widow Mine  
  24  2:41  Marine  
  24  2:42  Marine  
  28  2:47  SCV  
  29  2:51  Supply Depot  
  29  2:59  SCV  
  29  3:01  Factory Tech Lab  
  29  3:02  Marine  
  31  3:13  Medivac, Marine, SCV  
  35  3:20  Marine  
  35  3:23  Cyclone  
  39  3:31  Marine, SCV  
  39  3:33  Orbital Command  
  41  3:38  Marine  
  42  3:45  Starport Tech Lab  
  42  3:49  Supply Depot  
  42  3:52  SCV  
  42  3:55  Siege Tank  
  46  3:56  Marine x2  
  46  4:01  SCV  
  49  4:04  SCV  
  49  4:08  Refinery  
  50  4:13  SCV  
  51  4:17  SCV  
  52  4:25  SCV  
  52  4:30  SCV  
  54  4:34  Siege Tank  
  54  4:37  SCV  
  53  4:38  Raven  
  53  4:42  SCV  
  54  4:49  SCV  
  54  4:51  Command Center  
  55  4:54  SCV  
  56  5:00  Barracks  
  56  5:01  SCV, Supply Depot  
  56  5:06  SCV  
  58  5:12  Marine, Barracks  
  58  5:13  SCV  
  59  5:14  Factory Reactor  
  59  5:16  Raven  
  59  5:18  SCV  
  59  5:26  SCV  
  59  5:30  SCV  
  59  5:31  Marine  
  61  5:35  Stimpack  
  61  5:38  SCV  
  61  5:42  SCV  
  63  5:48  Marine x2  
  65  5:50  SCV  
  65  5:54  SCV  
  67  6:00  Engineering Bay  
  67  6:01  Engineering Bay  
  67  6:02  SCV  
  68  6:04  Starport Reactor  
  68  6:06  Marine x3  
  68  6:10  Marine  
  68  6:11  Marine  
  67  6:13  Siege Tank  
  67  6:14  SCV  
  71  6:18  Orbital Command  
  71  6:20  Refinery  
  71  6:24  Marine x3  
  74  6:27  Terran Infantry Armor Level 1, Terran Infantry Weapons Level 1  
  74  6:28  Marine  
  74  6:31  SCV  
  74  6:32  Marine, Supply Depot  
  77  6:34  SCV  
  78  6:41  Medivac x2  
  78  6:42  Marine  
  78  6:43  Marine  
  78  6:44  Orbital Command  
  78  6:46  Marine  
  85  6:53  Marine  
  85  6:54  Marine, Supply Depot  
  87  6:55  Supply Depot  
  87  6:58  Siege Tank  
  87  6:59  SCV  
  87  7:00  SCV  
  92  7:01  Marine  
  92  7:06  Supply Depot  
  93  7:13  Marine  
  93  7:15  Marine x2, SCV x2  
  86  7:23  Marine x2  
  71  7:31  Marine  
  71  7:32  Siege Tank  
  71  7:33  Marine x2  
  71  7:37  Viking  
  71  7:38  Viking  
  71  7:41  Marine x2  
  71  7:44  Combat Shield  
  75  7:49  Marine  
  75  7:51  Marine x2  
  74  7:54  Orbital Command  
  69  7:58  Marine  
  69  7:59  Marine  
  69  8:01  SCV x2  
  72  8:05  Siege Tank  
  72  8:07  Marine  
  72  8:09  Marine x2  
  76  8:13  Medivac x2  
  76  8:16  Marine  
  76  8:17  Marine  
  76  8:19  SCV  
  79  8:25  Marine  
  79  8:26  Marine  
  81  8:27  Marine  
  81  8:29  SCV  
  81  8:31  Supply Depot  
  81  8:34  Marine  
  81  8:35  Marine  
  81  8:39  Siege Tank  
  86  8:43  Marine  
  86  8:44  Marine x2  
  89  8:51  Medivac x2  
  89  8:52  Marine  
  89  8:53  Marine  
  95  9:00  Marine  
  95  9:02  Marine x2  
  97  9:03  Barracks  
  97  9:05  Barracks  
  98  9:10  Marine x2  
  98  9:12  Siege Tank  
  103  9:18  Marine, Supply Depot  
  103  9:20  Marine  
  94  9:26  Marine  
  94  9:28  Marine  
  94  9:29  Marine, Orbital Command  
  78  9:33  Medivac x2  
  78  9:36  Marine  
  78  9:38  Marine  
  78  9:44  Marine, SCV  
  78  9:45  Marine, SCV  
  78  9:47  Marine  
  78  9:50  Siege Tank  
  83  9:54  Marine  
  83  9:58  Marine  
  83  9:59  Barracks Reactor x2  
Tags
 
Add a new tag
Caveats
  • Supply blocks, unpowered buildings, or Contaminate may cause inaccurate times.
  • Supply counts are checked every 10 seconds.